 Dungeon Crawl Stone Soup version 0.31.0-11-ge490571c62 (webtiles) character file.

Game seed: 14726468066904555282

2058 hawla the Conjurer (level 9, -10/39 HPs)
             Began as a Felid Conjurer on Feb 1, 2024.
             Was a Follower of Makhleb.
             Mangled by Duvessa
             ... wielding a +0 rapier
              (18 damage)
             ... on level 6 of the Dungeon.
             The game lasted 00:23:28 (7724 turns).

hawla the Conjurer (Felid Conjurer)                 Turns: 7724, Time: 00:23:29

Health: -10/39     AC:  2    Str: 11    XL:     9   Next: 5%
Magic:  2/17       EV: 19    Int: 24    God:    Makhleb [*.....]
Gold:   457        SH:  0    Dex: 15    Spells: 2/18 levels left
                                        Lives:  0   Deaths: 3

rFire   . .          .
                       - Unarmed
rCold   . . .        (shield unavailable)
rNeg    . . .        (body armour unavailable)
rPois   .            (helmet unavailable)
rElec   .            (cloak unavailable)
rCorr   .            (gloves unavailable)
SInv    +            (boots unavailable)
Will    +....        c - amulet of the acrobat
Stlth   ++           f - +6 ring of strength
HPRegen 0.26/turn    (no ring)
MPRegen 0.15/turn

%: acrobat
@: no status effects
A: very small, claws 1, fangs 3, see invisible, shaggy fur 2, stealthy paws, no
weapons or thrown items, no armour, multi-lived
a: Renounce Religion


You were on level 6 of the Dungeon.
You worshipped Makhleb.
Makhleb was aware of your devotion.
You visited 2 branches of the dungeon, and saw 8 of its levels.

You collected 1475 gold pieces.
You spent 1018 gold pieces at shops.

Inventory:

Jewellery
 c - an amulet of the acrobat (around neck)
 d - an amulet of guardian spirit
 f - a +6 ring of strength (left paw)
Wands
 b - a wand of polymorph (10)
 g - a wand of digging (3)
Scrolls
 k - a scroll of fog
 l - a scroll of identify
Potions
 a - 2 potions of magic
 e - a potion of heal wounds
 h - 3 potions of attraction
 i - a potion of brilliance
 j - a potion of enlightenment


   Skills:
 - Level 5.0 Dodging
 - Level 3.0 Stealth
 - Level 5.0 Unarmed Combat
 - Level 5.0 Spellcasting
 - Level 6.0 Conjurations
 - Level 4.0 Translocations
 + Level 4.2 Ice Magic
 - Level 3.7 Invocations
 - Level 1.0 Evocations


You had 2 spell levels left.
You knew the following spells:

 Your Spells              Type           Power      Damage    Failure   Level
a - Magic Dart            Conj           100%       1d8       1%          1
b - Searing Ray           Conj           68%        2d6       1%          2
c - Iskenderun's Mystic   Conj/Tloc      30%        2d8       11%         4
d - Blink                 Tloc           50%        N/A       2%          2
e - Ozocubu's Refrigerat  Ice            13%        4d10      100%        7

Your spell library contained the following spells:

 Spells                   Type           Power      Damage    Failure   Level
 Kiss of Death            Conj/Necr      80%        2d11      2%          1
 Call Imp                 Summ           12%        N/A       13%         2
 Confusing Touch          Hex            6%         N/A       26%         3
 Fulminant Prism          Conj/Alch      10%        3d9       26%         4
 Dispel Undead            Necr           6%         3d8       65%         4
 Sculpt Simulacrum        Ice/Alch       8%         N/A       99%         6
 Polar Vortex             Ice            13%        12d1*     100%        9


Dungeon Overview and Level Annotations

Branches:
Dungeon (7/15)             Temple (1/1) D:5

Altars:
Ashenzari
Cheibriados
Dithmenos
Elyvilon
Fedhas
Gozag
Hepliaklqana
Kikubaaqudgha
Makhleb
Nemelex Xobeh
Okawaru
Qazlal
Ru
Sif Muna
Trog
Uskayaw
Vehumet
Wu Jian
Xom
Yredelemnul
Zin
The Shining One

Shops:
D:4 :

Annotations:
D:6 Duvessa


Innate Abilities, Weirdness & Mutations

You have sharp claws.
You have razor-sharp teeth.
You have supernaturally acute eyesight. (SInv)
You are covered in thick fur. (AC +2)
Your paws help you pounce on unaware monsters.
You are incapable of wielding weapons or throwing items.
You cannot wear armour.
You gain extra lives every three experience levels.


Message History

Saving game... please wait.
Level annotation: Duvessa Welcome back, hawla the Felid Conjurer.
Blood and souls for Makhleb!
Press ? for a list of commands and other information.
Cast which spell? (? or * to list)
Aiming: Magic Dart (safe; 1% risk of failure)
Press: ? - help, Shift-Dir - straight line, f - Duvessa
Aim: Duvessa, wielding a +0 rapier and wearing a +0 ring mail (moderately wounded, berserk, 100% to hit)
The magic dart hits Duvessa.
Duvessa is moderately wounded.
Casting: Magic Dart (safe; 1% risk of failure)
Confirm with . or Enter, or press ? or * to list all spells.
Aiming: Magic Dart (safe; 1% risk of failure)
Press: ? - help, Shift-Dir - straight line, f/p - Duvessa
Aim: Duvessa, wielding a +0 rapier and wearing a +0 ring mail (moderately wounded, berserk, 100% to hit)
The magic dart hits Duvessa.
Duvessa is heavily wounded.
Duvessa barely misses you. Duvessa closely misses you.
You scratch Duvessa.
Duvessa is heavily wounded.
Duvessa barely misses you.
You scratch Duvessa.
Duvessa is heavily wounded.
Duvessa hits you with a +0 rapier.
You claw Duvessa!
Duvessa is severely wounded.
Duvessa barely misses you. Duvessa misses you.
You scratch Duvessa but do no damage.
Duvessa is severely wounded.
Duvessa hits you with a +0 rapier!
You scratch Duvessa.
Duvessa is severely wounded.
Duvessa hits you with a +0 rapier!
You closely miss Duvessa.
Duvessa is severely wounded.
Duvessa hits you with a +0 rapier!
* * * LOW HITPOINT WARNING * * *
Duvessa hits you with a +0 rapier!!
You die...

####......# #..........# #......#
#..........# #......#
#..........# #......#
#.#'''#....# #.(....#
#.#...#....# #######).....#
#.#♣.♣#....# ...........###
#.#♣.♣###.#####
...........######.#♣.♣ #.#...#
...........##..e@.#♣.♣ #.#.#.###
.....).....##..[..#♣.♣ #...#....
...........##.....#♣.♣ ########.
..........##########.# ####.
..........'.♣♣♣♣♣♣##.##♣♣♣♣♣♣.'.)
###..####.'.........#.........'..
# ##..###.'.♣♣♣♣♣♣##.##♣♣♣♣♣♣.'..
# #.....#### ####.############ #
#......##### #.#♣.♣#....###.#


You could see Duvessa (berserk).

Vanquished Creatures
  A yak (D:7)
  3 ice beasts
  4 black bears
  A sky beast (D:6)
  A centaur (D:6)
  2 phantoms
  A bullfrog (D:6)
  A scorpion (D:4)
  3 wights (D:6)
  Dowan (D:6)
  2 killer bees (D:7)
  A howler monkey (D:5)
  2 hounds
  An iguana (D:5)
  Terence (D:3)
  3 orc wizards
  Natasha (twice) (D:2)
  Robin (D:2)
  3 gnolls (D:3)
  10 adders
  3 ribbon worms
  3 dart slugs
  27 orcs
  14 ball pythons
  6 bats
  12 endoplasms
  A giant cockroach (D:3)
  15 goblins
  8 hobgoblins
  9 jackals
  3 quokkas
  2 frilled lizards
  6 kobolds
  4 rats
157 creatures vanquished.

Notes
Turn   | Place    | Note
-------+----------+-------------------------------------------
     0 | D:1      | hawla the Felid Conjurer began the quest for the Orb.
     0 | D:1      | Reached XP level 1. HP: 9/9 MP: 4/4
    47 | D:1      | Slain by an endoplasm
    47 | D:1      | Lost a life (0 lives remaining)
   194 | D:1      | Reached XP level 2. HP: 13/13 MP: 3/6
   197 | D:1      | Learned a level 2 spell: Searing Ray
   580 | D:1      | Reached XP level 3. HP: 16/16 MP: 5/8
   979 | D:2      | Noticed Robin
  1099 | D:2      | Killed Robin
  1409 | D:2      | Reached XP level 4. HP: 20/21 MP: 6/11
  1409 | D:2      | Gained a life (1 life remaining)
  2171 | D:2      | Noticed Natasha
  2182 | D:2      | Killed Natasha
  2183 | D:2      | Reached skill level 4 in Conjurations
  2183 | D:2      | Reached skill level 1 in Translocations
  2415 | D:3      | Reached skill level 1 in Unarmed Combat
  2440 | D:2      | Learned a level 4 spell: Iskenderun's Mystic Blast
  2581 | D:2      | Noticed Natasha
  2584 | D:2      | Killed Natasha
  2585 | D:2      | Reached XP level 5. HP: 24/24 MP: 7/12
  2787 | D:3      | Found a bloodstained altar of Trog.
  2787 | D:3      | Found a snail-covered altar of Cheibriados.
  3101 | D:3      | Learned a level 2 spell: Blink
  3420 | D:3      | Noticed Terence
  3431 | D:3      | Killed Terence
  3582 | D:3      | Found a glowing silver altar of Zin.
  3583 | D:3      | Found a radiant altar of Vehumet.
  3584 | D:3      | Found a shadowy altar of Dithmenos.
  3584 | D:3      | Found an ancient bone altar of Kikubaaqudgha.
  3584 | D:3      | Found a basalt altar of Yredelemnul.
  3585 | D:3      | Found a stormy altar of Qazlal.
  3587 | D:3      | Found a white marble altar of Elyvilon.
  3588 | D:3      | Found a glowing golden altar of the Shining One.
  3589 | D:3      | Found an ornate altar of the Wu Jian Council.
  3638 | D:4      | Noticed a black bear
  3649 | D:4      | HP: 1/24 [scorpion (5)]
  3652 | D:4      | Killed a black bear
  3653 | D:4      | Gained mutation: You are covered in thick fur. (AC +2)
                  | [Felid growth]
  3653 | D:4      | Reached XP level 6. HP: 20/28 MP: 4/13
  3654 | D:4      | Reached skill level 5 in Dodging
  3754 | D:4      | Found Zeoby's Book Emporium.
  3880 | D:4      | Identified the +3 leather armour of Polytheism {rF++}
  4127 | D:4      | Reached XP level 7. HP: 28/32 MP: 4/14
  4127 | D:4      | Gained a life (2 lives remaining)
  4816 | D:5      | Entered Level 5 of the Dungeon
  4820 | D:5      | Identified a scroll of acquirement
  4869 | D:5      | Found a staircase to the Ecumenical Temple.
  5032 | D:5      | Acquired 1191 gold pieces
  5219 | D:5      | Reached skill level 5 in Unarmed Combat
  5223 | D:5      | Found a transporter.
  5223 | D:5      | Found Pyhio's Distillery.
  5280 | D:4      | Bought a book of Ice for 550 gold pieces
  5331 | Temple   | Entered the Ecumenical Temple
  5350 | Temple   | Became a worshipper of Makhleb the Destroyer
  5859 | D:5      | Slain by an ice beast
  5859 | D:5      | Lost a life (1 life remaining)
  5884 | D:5      | Found a transporter.
  5891 | D:5      | Bought a potion of heal wounds for 65 gold pieces
  5891 | D:5      | Bought a potion of attraction for 39 gold pieces
  5891 | D:5      | Bought a potion of attraction for 39 gold pieces
  5891 | D:5      | Bought a potion of attraction for 39 gold pieces
  5891 | D:5      | Bought a potion of brilliance for 52 gold pieces
  5891 | D:5      | Bought a potion of enlightenment for 65 gold pieces
  5891 | D:5      | Bought a potion of resistance for 130 gold pieces
  5891 | D:5      | Bought a potion of curing for 39 gold pieces
  6144 | D:6      | Reached skill level 5 in Conjurations
  6155 | D:6      | Reached XP level 8. HP: 14/36 MP: 1/15
  6202 | D:6      | Reached skill level 6 in Conjurations
  6332 | D:6      | Reached skill level 1 in Invocations
  6492 | D:6      | Reached * piety under Makhleb
  6641 | D:6      | Noticed Dowan
  6642 | D:6      | Noticed Duvessa
  6720 | D:7      | HP: 1/36 [yak (7)]
  6863 | D:7      | Reached skill level 5 in Spellcasting
  6865 | D:7      | Reached skill level 1 in Evocations
  6872 | D:7      | Succumbed to a killer bee's poison
  6872 | D:7      | Lost a life (0 lives remaining)
  6903 | D:6      | Learned a level 7 spell: Ozocubu's Refrigeration
  6919 | D:6      | Reached skill level 1 in Ice Magic
  7401 | D:6      | Reached XP level 9. HP: 39/39 MP: 7/17
  7714 | D:6      | Killed Dowan
  7724 | D:6      | Mangled by Duvessa

Illustrated notes

Levels and vault maps discovered:
D:1:      mainiacjoe_arrival_oval_in_oval, layout_rooms
D:2:      layout_loops_corners, hex_medium, uniq_robin, uniq_natasha
D:3:      minmay_chambers_of_threes, layout_rooms, minitemple,
          minmay_tree_intersection, uniq_terence
D:4:      layout_basic, serial_shops, shop, nrook_campfire
D:5:      layout_cave_pools, minmay_temple_entry_gardened_gates, serial_shops,
          nicolae_shop_drivethru, kennysheep_potato
D:6:      layout_basic, kennysheep_cross_bottleneck, grunt_ministairs_2,
          uniq_duvessa
D:7:      layout_gridville, uniq_menkaure
Temple:   nicolae_temple_bog_church

Skill      XL: |  1  2  3  4  5  6  7  8 |
---------------+-------------------------+-----
Spellcasting   | 3 4 5 |  5.0
Conjurations   | 4 5 6 |  6.0
Translocations | 2 4 |  4.0
Unarmed Combat | 2 3 4 5 |  5.0
Dodging        | 4 5 |  5.0
Stealth        | 3 |  3.0
Invocations    | 3 |  3.7
Evocations     | 1 |  1.0
Ice Magic      | 4 |  4.2

Action                     |  1- 3 |  4- 6 |  7- 9 || total
---------------------------+-------+-------+-------++-------
  Melee: Unarmed           |    22 |    17 |    78 ||   117
         Bite              |     3 |     3 |    10 ||    16
         Punch             |       |     1 |     1 ||     2
   Cast: Magic Dart        |    36 |    37 |    39 ||   112
         Searing Ray       |    15 |    31 |    36 ||    82
         Iskenderun's Myst |       |     7 |    19 ||    26
         Blink             |       |       |     1 ||     1
    Use: Potion            |     4 |     4 |     5 ||    13
         Scroll            |     4 |     2 |     8 ||    14
   Stab: Sleeping          |       |     2 |     1 ||     3
 Armour: Skin              |    20 |    29 |    62 ||   111
  Dodge: Dodged            |    41 |    68 |   171 ||   280
